 Dungeon Crawl Stone Soup version 0.30-a0-718-geaa24f58ff (webtiles) character file.

Game seed: 15119881304618125640

73096 Leeroy the Fencer (level 15, 0/76 HPs)
             Began as a Tengu Warper on Jan 25, 2023.
             Was the Champion of Okawaru.
             Slain by a death knight
             ... wielding a +1 broad axe
              (21 damage)
             ... on level 14 of the Dungeon.
             The game lasted 01:03:31 (31082 turns).

Leeroy the Fencer (Tengu Warper)                   Turns: 31082, Time: 01:03:32

Health: 0/76       AC: 13    Str: 16    XL:     15   Next: 42%
Magic:  11/25      EV: 27    Int: 21    God:    Okawaru [******]
Gold:   636        SH:  0    Dex: 30    Spells: 11/26 levels left

rFire   + . .      SeeInvis .    g - +8 great sword (holy)
rCold   + . .      Faith    .    (shield currently unavailable)
rNeg    . . .      Spirit   .    y - +4 robe of Augmentation {Str+4 Int+4 Dex+4}
rPois   .          Reflect  .    K - +2 hat {Int+3}
rElec   .          Harm     .    Y - scarf {rC+ rF+}
rCorr   .          Rampage  .    R - +2 pair of gloves
Will    +....                    (boots unavailable)
Stlth   +++                      (no amulet)
HPRegen 0.32/turn                V - +6 ring of dexterity
MPRegen 0.19/turn                h - +4 ring of slaying

@: about to teleport, flying quickly and evasively, quick
A: beak, talons 3, nimble flight
a: Renounce Religion, Heroism, Finesse, Duel


You were on level 14 of the Dungeon.
You worshipped Okawaru.
Okawaru was exalted by your worship.
You visited 4 branches of the dungeon, and saw 21 of its levels.
You also visited: Bailey.

You collected 1471 gold pieces.
You spent 835 gold pieces at shops.

Inventory:

Hand Weapons
 g - a +8 great sword of holy wrath (weapon)
 v - the +2 short sword "Nemuuvif" {drain, Fragile rElec rC+ Str+4}
   (You found it on level 4 of the Dungeon)

   Str:       It affects your strength (+4).
   rC:        It protects you from cold.
   rElec:     It insulates you from electricity.
   Fragile:   It will be destroyed if unequipped.
 E - a +2 great sword of venom
 U - a +1 scimitar of flaming
Missiles
 c - 10 curare-tipped darts
 d - 6 boomerangs of dispersal
 s - 31 poisoned darts
 B - a throwing net
 O - 2 silver javelins
 Z - 26 javelins
Armour
 n - the +7 chain mail "Pem Festra" {*Slow Will+ Dex+6}
   (Okawaru gifted it to you on level 12 of the Dungeon)

   Dex:       It affects your dexterity (+6).
   *Slow:     It may slow you when you take damage.
   Will:      It increases your willpower.
 p - the +0 robe of Belopt {-Tele rElec Will+ Int+2}
   (You bought it in a shop on level 2 of the Dungeon)

   Int:       It affects your intelligence (+2).
   rElec:     It insulates you from electricity.
   -Tele:     It prevents most forms of teleportation.
   Will:      It increases your willpower.
 y - the +4 robe of Augmentation (worn) {Str+4 Int+4 Dex+4}
   (You found it on level 12 of the Dungeon)

   Str:       It affects your strength (+4).
   Int:       It affects your intelligence (+4).
   Dex:       It affects your dexterity (+4).
 C - the +4 ring mail of Hepliaklqana's Whim {Int+2}
   (You found it on level 7 of the Dungeon)

   Int:       It affects your intelligence (+2).
 F - +0 acid dragon scales
 K - a +2 hat of intelligence (worn)
 P - a +1 robe of the Archmagi
 R - a +2 pair of gloves (worn)
 S - the +0 buckler of the Devil's Team {rElec rPois rCorr Int+3 Slay+3}
   (Okawaru gifted it to you on level 5 of the Lair of Beasts)

   Int:       It affects your intelligence (+3).
   Slay:      It affects your accuracy & damage with ranged weapons and melee
   (+3).
   rElec:     It insulates you from electricity.
   rPois:     It protects you from poison.
   rCorr:     It protects you from acid and corrosion.
 T - a +1 robe of resistance
 Y - a scarf of resistance (worn)
Magical Staves
 M - a staff of death
 X - a staff of earth
Jewellery
 h - a +4 ring of slaying (right hand)
 j - a ring of positive energy
 l - a +4 ring of protection
 A - a ring of protection from cold
 G - a ring of ice
 V - a +6 ring of dexterity (left hand)
Wands
 q - a wand of iceblast (7)
 z - a wand of flame (48)
 H - a wand of light (28) (quivered)
 I - a wand of digging (7)
 Q - a wand of mindburst (18)
Scrolls
 a - 3 scrolls of silence
 e - 5 scrolls of fear
 o - 8 scrolls of noise
 D - 14 scrolls of teleportation
 J - a scroll of poison
 L - 3 scrolls of fog
Potions
 b - 2 potions of ambrosia
 f - 2 potions of invisibility
 i - 4 potions of magic
 k - 8 potions of curing
 m - 2 potions of mutation
 r - 4 potions of haste
 t - 3 potions of might
 u - a potion of cancellation
 w - 4 potions of brilliance
 N - a potion of attraction
 W - 4 potions of lignification


   Skills:
 - Level 2.0 Fighting
 - Level 20.4 Long Blades
 - Level 3.2 Throwing
 - Level 16.0 Armour
 - Level 10.0 Dodging
 + Level 2.6 Stealth
 - Level 6.4 Spellcasting
 - Level 7.1 Translocations
 - Level 6.2 Invocations


You had 11 spell levels left.
You knew the following spells:

 Your Spells              Type           Power      Damage    Failure   Level
a - Blink                 Tloc           72%        N/A       1%          2
b - Manifold Assault      Tloc           36%        N/A       4%          4
c - Vhi's Electric Charg  Tloc/Air       42%        N/A       6%          3
d - Swiftness             Air            6%         N/A       28%         3
e - Mephitic Cloud        Conj/Pois/Air  6%         N/A       28%         3

Your spell library contained the following spells:

 Spells                   Type           Power      Damage    Failure   Level
 Lesser Beckoning         Tloc           72%        N/A       1%          2
 Teleport Other           Tloc           36%        N/A       1%          3
 Magic Dart               Conj           24%        1d4       10%         1
 Sandblast                Erth           12%        2d6       10%         1
 Shock                    Conj/Air       24%        1d4       10%         1
 Sting                    Tmut/Pois      24%        1d4       10%         1
 Cigotuvi's Dreadful Rot  Necr/Pois/Air  12%        N/A       14%         2
 Ensorcelled Hibernation  Hex/Ice        12%        N/A       14%         2
 Passwall                 Tmut/Erth      5%         N/A       14%         2
 Poisonous Vapours        Pois/Air       12%        N/A       14%         2
 Sublimation of Blood     Necr           6%         N/A       14%         2
 Iskenderun's Mystic Bla  Conj/Tloc      21%        2d6       22%         4
 Dazzling Flash           Conj/Hex       12%        N/A       28%         3
 Ozocubu's Armour         Ice            6%         N/A       28%         3
 Spider Form              Tmut/Pois      6%         N/A       28%         3
 Stone Arrow              Conj/Erth      12%        3d7       28%         3
 Dispersal                Tloc           18%        N/A       58%         6
 Airstrike                Air            3%         2d(1-17)  67%         4
 Anguish                  Hex/Necr       3%         N/A       67%         4
 Dispel Undead            Necr           6%         3d8       67%         4
 Olgreb's Toxic Radiance  Pois           6%         N/A       67%         4
 Petrify                  Tmut/Erth      6%         N/A       67%         4
 Arcjolt                  Conj/Air       3%         1d13      95%         5
 Irradiate                Conj/Tmut      3%         3d12      95%         5
 Metabolic Englaciation   Hex/Ice        3%         N/A       95%         5
 Conjure Ball Lightning   Conj/Air       3%         3x3d6     100%        6
 Starburst                Conj/Fire      3%         6d3       100%        6
 Storm Form               Tmut/Air       3%         N/A       100%        7
 Discord                  Hex            3%         N/A       100%        8
 Disjunction              Tloc           18%        N/A       100%        8
 Maxwell's Capacitive Co  Air            3%         ∞         100%        8
 Call Imp                 Summ           Unusable   N/A       N/A         2
 Death Channel            Necr           Unusable   N/A       N/A         6
 Simulacrum               Ice/Necr       Unusable   N/A       N/A         6

Dungeon Overview and Level Annotations

Branches:
Dungeon (14/15)            Temple (1/1) D:5            Lair (5/5) D:9
  Swamp (1/4) Lair:3        Snake (0/4) Lair:3        Slime (0/5) Lair:5
    Orc (0/2) D:10         Bailey (visited)
 Vaults: D:13-14

Altars:
Ashenzari
Cheibriados
Dithmenos
Elyvilon
Fedhas
Gozag
Hepliaklqana
Kikubaaqudgha
Makhleb
Nemelex Xobeh
Okawaru
Qazlal
Ru
Sif Muna
Trog
Uskayaw
Vehumet
Wu Jian
Xom
Yredelemnul
Zin
The Shining One
Jiyva

Shops:
D:1 *[   D:2 [   D:5 **   D:7 [:[:

Portals:
Trove: D:11 (give 6 scrolls of blinking)


Innate Abilities, Weirdness & Mutations

You have a beak for a mouth.
You have claws for feet.
Your magical nature lets you fly swiftly and evasively.


Message History

The boulder beetle is lightly wounded.
You slash the boulder beetle!
You claw the boulder beetle, but do no damage.
The boulder beetle is moderately wounded.
The boulder beetle bites you!
You hit the boulder beetle. You claw the boulder beetle!
You peck the boulder beetle.
The boulder beetle is heavily wounded.
The boulder beetle closely misses you.
You hit the boulder beetle.
The boulder beetle is heavily wounded.
The boulder beetle bites you!
You slash the boulder beetle! You claw the boulder beetle.
You peck the boulder beetle, but do no damage.
The boulder beetle is severely wounded.
You open the boulder beetle like a pillowcase!!!
You kill the boulder beetle!
Okawaru accepts your kill.
The death knight drinks a potion.
The death knight seems to speed up.
The death knight's dark mirror aura disappears.
The death knight hits you with a +1 broad axe!!
The death knight completely misses you. The death knight misses you.
Blink to where?
Press: ? - help, Dir - move target
As you read the scroll of blinking, it crumbles to dust.
Things that are here:
a +0 long sword; a +0 ring mail; a +0 kite shield
As you read the scroll of teleportation, it crumbles to dust.
You feel strangely unstable. The death knight misses you.
Okay, then.
Okay, then.
The death knight invokes the aid of Yredelemnul against you.
Your body is wracked with pain!
* * * LOW HITPOINT WARNING * * *
The death knight attacks as you move away!
The death knight misses you.
The death knight attacks as you move away!
The death knight hits you with a +1 broad axe!!
You die...

.. #. . #. ##
########################
##......................#
###..#....#.#.#..#......#.##
.##.###.#p)#...p@..#....#..# ##
.##.##....#.#..#.....#.##..# ###.
.#p..#.#####.#.#.######.#..###...
...##### ####### ######.....>##
(### #........##### ## ####.....#
#######


You could see a death knight (fast).

Vanquished Creatures
  Gastronok (Lair:1)
  A frost giant (D:12)
  4 hydras
  A catoblepas (Lair:5)
  An ice dragon (D:12)
  5 centaur warriors
  6 boulder beetles
  An alligator (Swamp:1)
  A deep troll shaman (Lair:5)
  2 tengu warriors
  5 two-headed ogres
  3 death yaks (Lair:5)
  A skeletal warrior (D:14)
  A fire crab (Lair:4)
  A sea snake (shapeshifter) (D:13)
  A wizard (D:10)
  A lindwurm (Lair:5)
  2 wolf spiders (Lair:4)
  A phantasmal warrior (D:14)
  A deep elf pyromancer (D:7)
  A manticore (D:13)
  2 cyclopes
  3 ugly things (D:13)
  25 elephants
  An ice statue (D:12)
  3 black mambas
  10 cane toads
  A gargoyle (D:10)
  4 komodo dragons
  4 rime drakes
  2 efreet (D:13)
  A tengu conjurer (D:14)
  A freezing wraith (D:14)
  4 trolls
  A polar bear (Lair:5)
  A hornet (D:10)
  9 blink frogs
  4 slime creatures (D:13)
  5 shadows
  8 water elementals (D:12)
  54 yaks
  2 wyverns
  11 humans
  2 basilisks
  Grum (D:11)
  A steam dragon (Lair:3)
  A vampire mosquito (D:13)
  2 wargs (D:10)
  4 acid dragons
  3 nagas (Lair:3)
  25 water moccasins
  17 orc warriors
  21 ice beasts
  2 sky beasts
  3 ogres
  6 black bears
  33 wolves
  16 centaurs
  A phantom (D:5)
  12 bullfrogs
  4 gnoll sergeants
  A necrophage (D:4)
  3 scorpions
  4 wights
  11 killer bees (D:7)
  5 electric eels
  11 howler monkeys
  4 hounds
  6 orc priests
  Crazy Yiuf (D:5)
  2 gnoll boudas
  3 iguanas
  16 orc wizards
  25 gnolls
  9 adders
  4 white imps
  An ufetubus (D:7)
  2 worms
  6 dart slugs
  72 orcs
  6 ball pythons
  8 bats
  6 endoplasms
  5 goblins
  5 hobgoblins
  9 jackals
  8 kobolds
  4 quokkas
  4 frilled lizards
  2 rats
  A butterfly (Lair:3)
595 creatures vanquished.

Vanquished Creatures (others)
  2 dart slugs (D:6)
  27 fungi
  61 plants
90 creatures vanquished.

Grand Total: 685 creatures vanquished

Notes
Turn   | Place    | Note
-------+----------+-------------------------------------------
     0 | D:1      | Leeroy the Tengu Warper began the quest for the Orb.
     0 | D:1      | Reached XP level 1. HP: 12/12 MP: 4/4
    62 | D:1      | Found Rafacivets's Antique Armour Shop.
    68 | D:1      | Reached skill level 3 in Long Blades
    68 | D:1      | Reached XP level 2. HP: 11/17 MP: 6/6
   490 | D:1      | Reached XP level 3. HP: 21/21 MP: 7/7
   626 | D:1      | Found a faded altar of an unknown god.
   710 | D:1      | Reached skill level 4 in Long Blades
   959 | D:1      | Found Xilo's Assorted Antiques.
  1151 | D:2      | Learned a level 2 spell: Blink
  1154 | D:2      | Learned a level 2 spell: Ensorcelled Hibernation
  1547 | D:2      | Found Zelaocs's Antique Armour Emporium.
  1556 | D:2      | Reached XP level 4. HP: 26/26 MP: 8/8
  1564 | D:2      | Bought a heavily jewelled robe for 131 gold pieces
  1564 | D:2      | Identified the +0 robe of Belopt {-Tele rElec Will+ Int+2}
                  | (You bought it in a shop on level 2 of the Dungeon)
  1997 | D:3      | Reached skill level 5 in Long Blades
  2127 | D:3      | HP: 1/26 [iguana (4)]
  2133 | D:3      | Gained mutation: Your magical nature lets you fly swiftly
                  | and evasively. [Tengu growth]
  2133 | D:3      | Reached XP level 5. HP: 18/30 MP: 9/9
  2296 | D:3      | Reached skill level 6 in Long Blades
  2754 | D:4      | Reached XP level 6. HP: 35/35 MP: 10/10
  2821 | D:4      | Reached skill level 7 in Long Blades
  2831 | D:4      | Identified the +2 short sword "Nemuuvif" {drain, Fragile
                  | rElec rC+ Str+4}
  2839 | D:4      | Noticed an orc warrior
  3428 | D:4      | Found a snail-covered altar of Cheibriados.
  3429 | D:4      | Found an iron altar of Okawaru.
  3436 | D:4      | Found a bloodstained altar of Trog.
  3436 | D:4      | Found a basalt altar of Yredelemnul.
  3437 | D:4      | Found a shimmering blue altar of Sif Muna.
  3437 | D:4      | Found a radiant altar of Vehumet.
  3438 | D:4      | Found a blossoming altar of Fedhas.
  3439 | D:4      | Found a burning altar of Makhleb.
  3439 | D:4      | Found a hazy altar of Hepliaklqana.
  3440 | D:4      | Found a sacrificial altar of Ru.
  3455 | D:4      | Became a worshipper of Warmaster Okawaru
  3617 | D:5      | Entered Level 5 of the Dungeon
  3617 | D:5      | Found a staircase to the Ecumenical Temple.
  3631 | D:5      | Noticed a water moccasin
  3644 | D:5      | Killed a water moccasin
  3645 | D:5      | Reached skill level 8 in Long Blades
  3645 | D:5      | Reached XP level 7. HP: 18/40 MP: 11/11
  3668 | Temple   | Entered the Ecumenical Temple
  3917 | D:5      | Reached * piety under Okawaru
  3986 | D:5      | Reached skill level 9 in Long Blades
  4014 | D:5      | Found a runed translucent door.
  4015 | D:5      | Noticed Crazy Yiuf
  4215 | D:5      | Found Cepnam's Gadget Gallery.
  4288 | D:5      | Reached XP level 8. HP: 43/44 MP: 12/12
  4321 | D:5      | Reached skill level 10 in Long Blades
  4485 | D:5      | Found Keaj's Mayhem Merchandise.
  4672 | D:5      | Killed Crazy Yiuf
  5490 | D:6      | Noticed a yak
  5579 | D:6      | Killed a yak
  5579 | D:6      | Reached ** piety under Okawaru
  5580 | D:6      | Reached skill level 5 in Dodging
  5585 | D:6      | Learned a level 3 spell: Vhi's Electric Charge
  5946 | D:6      | Noticed a yak
  5947 | D:6      | Noticed a yak
  5947 | D:6      | Noticed a yak
  5947 | D:6      | Noticed a yak
  5947 | D:6      | Noticed a yak
  5969 | D:6      | Killed a yak
  5970 | D:6      | Reached XP level 9. HP: 35/48 MP: 10/13
  6019 | D:6      | Reached *** piety under Okawaru
  6253 | D:6      | Learned a level 3 spell: Swiftness
  6261 | D:7      | Found Giosays's Antique Armour Boutique.
  6382 | D:7      | Reached skill level 10 in Dodging
  6556 | D:7      | Found Riatas's Book Emporium.
  6697 | D:7      | Found Xusas's Book Emporium.
  6781 | D:7      | Reached **** piety under Okawaru
  6789 | D:7      | Reached XP level 10. HP: 44/53 MP: 14/14
  6817 | D:7      | Reached skill level 5 in Translocations
  7059 | D:6      | Learned a level 4 spell: Manifold Assault
  7227 | D:7      | Found Toasmur's Armour Shop.
  7388 | D:7      | Reached ***** piety under Okawaru
  7483 | D:7      | Identified the +4 ring mail of Hepliaklqana's Whim {Int+2}
  7548 | D:7      | Found a sparkling altar of Nemelex Xobeh.
  7659 | D:7      | Noticed a deep elf pyromancer
  7681 | D:7      | Killed a deep elf pyromancer
  7681 | D:7      | Received a gift from Okawaru
  7682 | D:7      | Reached skill level 11 in Long Blades
  8183 | D:7      | Reached skill level 12 in Long Blades
  9304 | D:7      | Reached XP level 11. HP: 20/57 MP: 15/15
  9559 | D:7      | Reached skill level 13 in Long Blades
 10131 | D:8      | Received a gift from Okawaru
 10922 | D:8      | Reached skill level 14 in Long Blades
 11009 | D:8      | Found an ornate altar of the Wu Jian Council.
 11183 | D:8      | Found a glowing silver altar of Zin.
 11274 | D:9      | Found a stormy altar of Qazlal.
 11331 | D:9      | Noticed a two-headed ogre
 11343 | D:9      | Found a flagged portal.
 11358 | Bailey   | Entered a bailey
 12791 | Bailey   | Reached skill level 1 in Invocations
 13457 | D:9      | Received a gift from Okawaru
 13631 | D:9      | Killed a two-headed ogre
 13711 | D:9      | Received a gift from Okawaru
 14366 | D:9      | Noticed a two-headed ogre
 14402 | D:9      | Killed a two-headed ogre
 14403 | D:9      | Reached skill level 5 in Invocations
 14549 | D:9      | Reached XP level 12. HP: 62/62 MP: 9/17
 14603 | D:9      | Found a staircase to the Lair.
 15018 | D:10     | Entered Level 10 of the Dungeon
 15603 | D:9      | Learned a level 3 spell: Mephitic Cloud
 15607 | D:10     | Reached skill level 5 in Armour
 15920 | D:10     | Found a staircase to the Orcish Mines.
 16117 | D:10     | Noticed a two-headed ogre
 16125 | D:10     | Killed a two-headed ogre
 16353 | D:10     | Found a white marble altar of Elyvilon.
 16353 | D:10     | Found a glowing golden altar of the Shining One.
 16642 | Lair:1   | Entered Level 1 of the Lair of Beasts
 16717 | Lair:1   | Reached skill level 10 in Armour
 16988 | Lair:1   | Received a gift from Okawaru
 17314 | Lair:1   | Noticed Gastronok
 17330 | Lair:1   | Killed Gastronok
 17725 | Lair:1   | Received a gift from Okawaru
 18087 | Lair:2   | Reached skill level 15 in Armour
 18221 | Lair:2   | Reached XP level 13. HP: 58/66 MP: 18/18
 18238 | Lair:2   | Reached ****** piety under Okawaru
 19517 | Lair:3   | Found a staircase to the Swamp.
 19593 | Lair:3   | Reached skill level 15 in Long Blades
 19814 | Lair:3   | You are sucked into a shaft and drop 2 floors!
 19814 | Lair:5   | Entered Level 5 of the Lair of Beasts
 19970 | Lair:5   | Received a gift from Okawaru
 20033 | Lair:5   | Reached skill level 16 in Long Blades
 20240 | Lair:5   | Found a staircase to the Slime Pits.
 20240 | Lair:5   | Found a viscous altar of Jiyva.
 20957 | Lair:5   | Reached skill level 17 in Long Blades
 21334 | Lair:5   | Reached XP level 14. HP: 72/72 MP: 19/19
 21350 | Lair:5   | Identified the +0 buckler of the Devil's Team {rElec rPois
                  | rCorr Int+3 Slay+3} (Okawaru gifted it to you on level 5 of
                  | the Lair of Beasts)
 21350 | Lair:5   | Received a gift from Okawaru
 21654 | Lair:4   | Reached skill level 18 in Long Blades
 22684 | Lair:3   | Found a staircase to the Snake Pit.
 23601 | Lair:4   | Reached skill level 19 in Long Blades
 24199 | D:7      | Bought a scarf of resistance for 320 gold pieces
 24494 | D:11     | Found a portal to a secret trove of treasure.
 24727 | D:11     | Noticed Grum
 24730 | D:11     | Killed Grum
 25483 | D:1      | Bought a potion of curing for 72 gold pieces
 25483 | D:1      | Bought a potion of curing for 72 gold pieces
 25483 | D:1      | Bought a potion of might for 96 gold pieces
 25483 | D:1      | Bought a scroll of teleportation for 72 gold pieces
 25483 | D:1      | Bought a scroll of teleportation for 72 gold pieces
 26701 | D:12     | Found the +4 robe of Augmentation {Str+4 Int+4 Dex+4}
 26938 | D:12     | Noticed a frost giant
 26998 | D:12     | Killed a frost giant
 27133 | D:12     | Reached skill level 20 in Long Blades
 27245 | D:12     | Identified the +7 chain mail "Pem Festra" {*Slow Will+
                  | Dex+6} (Okawaru gifted it to you on level 12 of the
                  | Dungeon)
 27245 | D:12     | Received a gift from Okawaru
 27956 | D:13     | Reached XP level 15. HP: 15/76 MP: 10/20
 28620 | Swamp:1  | Entered Level 1 of the Swamp
 28766 | Lair:5   | Identified the +6 chain mail of Lust {Harm rC++ Will+
                  | Dex-5}
 29623 | D:13     | Reached skill level 5 in Spellcasting
 29777 | D:13     | Identified the +2 halberd "Vebag" {freeze, rC+ Int+3}
 31052 | D:14     | Received a gift from Okawaru
 31053 | D:14     | Reached skill level 1 in Stealth
 31082 | D:14     | Slain by a death knight

Illustrated notes

Levels and vault maps discovered:
D:1:      minmay_arrival_plants_in_alcoves, layout_loops_corners,
          nicolae_ecumenical_lake_church, serial_shops, shop, shop
D:2:      layout_basic, serial_shops, shop
D:3:      layout_rooms
D:4:      layout_loops_cross, nicolae_overflows_in_rows,
          nicolae_concentric_dashed_squares_mild
D:5:      layout_loops_cross, minmay_temple_entry_wispy, minmay_shop_mayhem,
          nicolae_shop_gadgets, uniq_crazy_yiuf_cottage
D:6:      kennysheep_slugbush, layout_basic, hex_large, serial_bayou_lagoon_a
D:7:      erik_cavepeople, layout_rooms, mainiacjoe_overflow_small_starburst,
          serial_shops, nicolae_stop_n_shop_1, nicolae_shop_stone, shop, shop,
          serial_glass, glass_columns_a, glass_columns_b,
          guppyfry_early_elven_hall
D:8:      layout_rooms, mainiacjoe_overflow_six_doors_small, zin_treasury,
          chequers_jeans, minmay_between
D:9:      layout_basic, kennysheep_mini, hellmonk_lair_entry_icy,
          enter_bailey_1, mrwooster_statue_mirror
D:10:     layout_irregular_city, gammafunk_temple_overflow_elements, erik_orc_4,
          hangedman_abyss_or_decor_stabs, grunt_ogre_cave, minmay_librarian
D:11:     layout_basic, nicolae_trove_entry_crystal, roderic_lattice_a,
          uniq_grum
D:12:     minmay_twisted_water, layout_loops_cross, nicolae_underground_beach
D:13:     layout_loops_ring, serial_aquarium, aquarium_bridge_island_small
          [aquarium_subvault_small_water, aquarium_subvault_wall,
          aquarium_subvault_wall, aquarium_subvault_bridge,
          aquarium_subvault_bridge], aquarium_window_corridor_1,
          aquarium_window_fake, aquarium_view_2a, aquarium_balcony_3b,
          aquarium_pool_corner, kennysheep_kite_vault
D:14:     layout_roguey, lightli_vaults_fourway_checkpoint,
          minmay_misc_feat_rugged
Temple:   nicolae_temple_superstar
Lair:1:   layout_regular_city, beast_lair_carwin_11, serial_bayou_shore_a,
          uniq_gastronok
Lair:2:   layout_hall_layers
Lair:3:   layout_roguey, swamp_mist, nicolae_snake_entry_squirm,
          chequers_serial_rivers_micro_e, lemuel_fruit_tree, lemuel_fruit_fields
Lair:4:   layout_long_grid, nicolae_lair_run_with_the_wolves
Lair:5:   grunt_lair_end_beastmaster, layout_regular_city, slime_entry_1,
          chequers_serial_rivers_small_a
Swamp:1:  nicolae_swamp_secret_spriggan_hideout, layout_basic_swamp,
          nicolae_swamp_round_clearing, nicolae_swamp_godswood,
          infiniplex_staircase_pool_2

Skill      XL: |  1  2  3  4  5  6  7  8  9 10 11 12 13 14 15 |
---------------+----------------------------------------------+-----
Long Blades    | 3 4 5 6 8 9 10 12 14 17 20 | 20.4
Dodging        | 7 10 | 10.0
Armour         | 3 15 16 | 16.0
Translocations | 4 6 7 |  7.1
Invocations    | 5 6 |  6.2
Spellcasting   | 3 6 |  6.4
Throwing       | 3 |  3.2
Stealth        | 2 |  2.6
Fighting       | |  2.0

Action                     |  1- 3 |  4- 6 |  7- 9 | 10-12 | 13-15 || total
---------------------------+-------+-------+-------+-------+-------++-------
  Melee: Falchion          |    97 |   147 |       |       |       ||   244
         Kick              |    21 |    54 |   150 |   415 |   348 ||   988
         Punch             |     1 |     2 |     8 |     7 |       ||    18
         Peck              |     7 |    29 |    86 |   261 |   219 ||   602
         Short sword       |       |    24 |   417 |   311 |    50 ||   802
         Long sword        |       |       |       |   565 |       ||   565
         Great sword       |       |       |       |   284 |   867 ||  1151
         Scimitar          |       |       |       |       |    15 ||    15
  Throw: Dart              |       |       |       |    17 |       ||    17
         Boomerang         |       |       |       |     4 |       ||     4
         Javelin           |       |       |       |     3 |       ||     3
   Cast: Ensorcelled Hiber |       |       |     1 |       |       ||     1
         Manifold Assault  |       |       |       |    23 |    60 ||    83
         Vhi's Electric Ch |       |       |       |    23 |    33 ||    56
         Blink             |       |       |       |       |     2 ||     2
 Invoke: Heroism           |       |       |     2 |       |     2 ||     4
         Finesse           |       |       |       |     2 |       ||     2
  Evoke: Wand              |       |       |       |     2 |     1 ||     3
    Use: Potion            |       |     1 |     2 |     3 |     2 ||     8
         Scroll            |       |       |     7 |    18 |    18 ||    43
   Stab: Sleeping          |     1 |     1 |     1 |     1 |     1 ||     5
         Invisible         |       |       |       |     1 |     3 ||     4
         Petrifying        |       |       |       |       |     5 ||     5
         Petrified         |       |       |       |       |     2 ||     2
 Armour: Leather armour    |    19 |    51 |    35 |       |       ||   105
         Ring mail         |       |       |     8 |       |       ||     8
         Robe              |       |       |     2 |   163 |   216 ||   381
         Skin              |       |       |     1 |       |       ||     1
         Chain mail        |       |       |       |       |     8 ||     8
  Dodge: Dodged            |    77 |   142 |   160 |   989 |   922 ||  2290

Table legend: (Time is in decaauts)
 A = Elapsed time spent in this place.
 B = Non-inter-level travel time spent in this place.
 C = Inter-level travel time spent in this place.
 D = Time resting spent in this place.
 E = Time spent auto-exploring this place.
 F = Levels seen in this place.
 G = Mean time per level.
                   A        B        C        D        E       F      G
               +--------+--------+--------+--------+--------+-----+--------+
         Total |  28891 |  26192 |   2699 |   4816 |  15438 |  22 | 1313.2 |
       Dungeon |  18923 |  16637 |   2286 |   3496 |   9410 |  14 | 1351.6 |
        Temple |    191 |    184 |      7 |      0 |    176 |   1 |  191.0 |
          Lair |   7770 |   7365 |    405 |    375 |   5469 |   5 | 1554.0 |
         Swamp |    115 |    115 |      0 |    103 |      0 |   1 |  115.0 |
        Bailey |   1889 |   1889 |      0 |    840 |    383 |   1 | 1889.0 |
               +--------+--------+--------+--------+--------+-----+--------+

Top non-repeatable levels by time:
     D:7: 2525 daAuts
     D:6: 2238 daAuts
    D:12: 2059 daAuts
     D:9: 2009 daAuts
  Lair:5: 1905 daAuts
  Bailey: 1889 daAuts
  Lair:2: 1653 daAuts
  Lair:3: 1573 daAuts
     D:1: 1505 daAuts
    D:13: 1446 daAuts
  Lair:4: 1340 daAuts
  Lair:1: 1297 daAuts
     D:5: 1149 daAuts
     D:8: 1147 daAuts
    D:10: 1139 daAuts
